 Dungeon Sprint DCSS version 0.16-a0-3803-gd4b2de5 (console) character file.

441 Monkaria the Carver (level 7, -1/69 HPs)
             Began as a Hill Orc Fighter on Jan 26, 2015.
             Was a Priest of Makhleb.
             Slain by a cyan ugly thing (8 damage)
             ... in the Dungeon (Sprint IX: "|||||||||||||||||||||||||||||").
             The game lasted 00:01:35 (387 turns).

Monkaria the Carver (Hill Orc Fighter)               Turns: 387, Time: 00:01:35

Health: -1/69      AC: 11    Str: 21    XL:     7   Next: 2%
Magic:  7/7        EV:  7    Int: 11    God:    Makhleb [***...]
Gold:   0          SH:  9    Dex: 10    Spells: 0 memorised, 6 levels left

rFire  . . .     SeeInvis .     p - +2 scimitar (flame)
rCold  . . .     Clarity  .     r - +1 scale mail
rNeg   . . .     SustAb   .     c - +0 shield
rPois  .         Gourm    .     q - +0 helmet
rElec  .         Spirit   .     (no cloak)
rCorr  .         Warding  .     (no gloves)
rMut   .         NoTele   +     (no boots)
MR     .....                    (no amulet)
Stlth  ..........               t - +3 ring of intelligence (curse)
                                s - +2 ring of protection

@: not resistant to hostile enchantments, extremely unstealthy
A: no striking features
a: Minor Destruction, Lesser Servant of Makhleb, Renounce Religion


You were in the Dungeon.
You worshipped Makhleb.
Makhleb was most pleased with you.
You were not hungry.

You visited 1 branch

Inventory:

Hand weapons
 p - a +2 scimitar of flaming (weapon)
Armour
 c - a +0 shield (worn)
 q - a +0 helmet (worn)
 r - a +1 scale mail (worn)
Jewellery
 s - a +2 ring of protection (left hand)
 t - a cursed +3 ring of intelligence (right hand)
Magical devices
 o - a wand of draining (7)
Scrolls
 k - 2 scrolls of blinking
 m - 3 scrolls of remove curse
 n - 2 scrolls of amnesia
Potions
 e - a potion of might
 f - 5 potions of curing
 g - 2 potions of heal wounds
 h - a potion of haste
 i - 4 potions of magic
 j - a potion of berserk rage
 l - a potion of invisibility
Comestibles
 a - 3 chunks of flesh
 d - a meat ration


   Skills:
 - Level 8.5 Fighting
 + Level 13.7 Long Blades
 - Level 3.2 Armour
 - Level 3.2 Shields


You had 6 spell levels left.
You didn't know any spells.

Dungeon Overview and Level Annotations

Branches:
Dungeon (1/1)

Altars:
Cheibriados
Dithmenos
Elyvilon
Fedhas
Gozag
Kikubaaqudgha
Makhleb
Nemelex Xobeh
Okawaru
Qazlal
Ru
Sif Muna
Trog
Vehumet
Xom
Yredelemnul
Zin
The Shining One
Beogh
Jiyva
Lugonu


Message History

You hit the cyan ugly thing. You burn the cyan ugly thing.
The cyan ugly thing is severely wounded.
You block the cyan ugly thing's attack.
You barely miss the cyan ugly thing.
The cyan ugly thing is severely wounded.
The cyan ugly thing punches you! The cyan ugly thing shocks you!
* * * LOW HITPOINT WARNING * * *
Drink which item? (? for menu, Esc to quit)
You feel much better.
The cyan ugly thing completely misses you.
You hit the cyan ugly thing. You burn the cyan ugly thing.
The cyan ugly thing is severely wounded.
Your shield and scale mail prevent you from hitting the cyan ugly thing.
The cyan ugly thing is severely wounded.
The cyan ugly thing punches you! The cyan ugly thing shocks you!
* * * LOW HITPOINT WARNING * * *
You barely miss the cyan ugly thing.
The cyan ugly thing is severely wounded.
The cyan ugly thing punches you!
You die...

▓+▓
▓.▓
▓.▓
▓.▓
▓.▓
▓.▓
▓u▓
▓@▓
▓.▓
▓.▓
▓.▓
▓.▓
▓)▓
▓.▓
▓(▓
▓[▓


You could see a cyan ugly thing.

Vanquished Creatures
  A basilisk (D)
  A necrophage (D)
  A giant frog (D)
  A crimson imp (D)
  A worker ant (D)
  A mummy (D)
  A gnoll (D)
  An adder (D)
  A shadow imp (D)
  A giant mite (D)
  An adder skeleton (D)
  A bat skeleton (D)
  A goblin (D)
  A hobgoblin (D)
  A bat (D)
  A giant cockroach zombie (D)
  A giant gecko (D)
  2 kobolds (D)
  2 rats (D)
21 creatures vanquished.

Notes
Turn   | Place    | Note
--------------------------------------------------------------
     0 | D        | Monkaria, the Hill Orc Fighter, began the quest for the Orb.
     0 | D        | Reached XP level 1. HP: 19/19 MP: 1/1
     7 | D        | Reached skill level 4 in Fighting
    17 | D        | Noticed a crimson imp
    22 | D        | Reached XP level 2. HP: 19/28 MP: 2/2
    30 | D        | Reached skill level 5 in Fighting
    39 | D        | Reached skill level 6 in Fighting
    83 | D        | Killed a crimson imp
    83 | D        | Reached skill level 8 in Fighting
    83 | D        | Reached XP level 3. HP: 10/41 MP: 3/3
    83 | D        | Reached XP level 4. HP: 11/49 MP: 4/4
    89 | D        | Found a glowing silver altar of Zin.
    89 | D        | Found a glowing golden altar of the Shining One.
    89 | D        | Found an ancient bone altar of Kikubaaqudgha.
    89 | D        | Found a basalt altar of Yredelemnul.
    89 | D        | Found a shimmering altar of Xom.
    89 | D        | Found a radiant altar of Vehumet.
    89 | D        | Found an iron altar of Okawaru.
    90 | D        | Found a burning altar of Makhleb.
    91 | D        | Found a deep blue altar of Sif Muna.
    92 | D        | Found a bloodstained altar of Trog.
    93 | D        | Found a sparkling altar of Nemelex Xobeh.
    94 | D        | Found a white marble altar of Elyvilon.
    95 | D        | Found a roughly hewn altar of Beogh.
    96 | D        | Found a viscous altar of Jiyva.
    97 | D        | Found a corrupted altar of Lugonu.
    98 | D        | Found a blossoming altar of Fedhas.
    99 | D        | Became a worshipper of Makhleb the Destroyer
   100 | D        | Found a snail-covered altar of Cheibriados.
   101 | D        | Found a shadowy altar of Dithmenos.
   102 | D        | Found a stormy altar of Qazlal.
   103 | D        | Found an opulent altar of Gozag.
   104 | D        | Found a sacrificial altar of Ru.
   321 | D        | Noticed a necrophage
   321 | D        | Noticed a worker ant
   327 | D        | Acquired Makhleb's first power
   327 | D        | Reached skill level 5 in Long Blades
   336 | D        | Killed a worker ant
   336 | D        | Acquired Makhleb's second power
   339 | D        | Killed a necrophage
   339 | D        | Reached skill level 10 in Long Blades
   339 | D        | Reached XP level 5. HP: 56/56 MP: 5/5
   352 | D        | Noticed a cyan ugly thing
   352 | D        | Noticed a giant frog
   352 | D        | Noticed a basilisk
   370 | D        | Killed a basilisk
   370 | D        | Acquired Makhleb's third power
   370 | D        | Reached skill level 12 in Long Blades
   370 | D        | Reached XP level 6. HP: 62/62 MP: 6/6
   372 | D        | Killed a giant frog
   372 | D        | Reached skill level 13 in Long Blades
   375 | D        | Reached XP level 7. HP: 69/69 MP: 7/7
   387 | D        | Slain by a cyan ugly thing

Action                   |  1- 3 |  4- 6 |  7- 9 || total
-------------------------+-------+-------+-------++-------
Melee: Long sword        |    59 |       |       ||    59
       Scimitar          |       |    29 |    10 ||    39
  Use: Potion            |       |       |     1 ||     1
